 Dungeon Crawl Stone Soup version 0.31-a0-204-g7da18cac08 (webtiles) character file.

Game seed: 16479352125731727956

2153 qw the Skirmisher (level 9, -8/54 HPs)
             Began as a Deep Elf Hunter on June 27, 2023.
             Was a Follower of Okawaru.
             Mangled by a small abomination (16 damage)
             ... on level 1 of the Abyss.
             The game lasted 00:02:44 (6575 turns).

qw the Skirmisher (Deep Elf Hunter)                 Turns: 6575, Time: 00:02:45

Health: -8/54      AC: 11    Str: 12    XL:     9   Next: 10%
Magic:  12/14      EV: 17    Int: 15    God:    Okawaru [*.....]
Gold:   174        SH:  0    Dex: 18    Spells: 8/8 levels left

rFire   . . .        Y - +2 shortbow
rCold   . . .        (shield currently unavailable)
rNeg    . . .        d - +0 ring mail
rPois   .            (no helmet)
rElec   .            i - +0 cloak
rCorr   .            (no gloves)
SInv    .            (no boots)
Will    .....        e - amulet of faith
Stlth   +++          k - +4 ring of protection
HPRegen 0.29/turn    (no ring)
MPRegen 0.14/turn

%: faith
@: about to teleport, heroic
A: no striking features
a: Renounce Religion, Heroism


You were on level 1 of the Abyss.
You worshipped Okawaru.
Okawaru was aware of your devotion.
You visited 2 branches of the dungeon, and saw 8 of its levels.
You visited the Abyss 1 time.
You also visited: Ossuary.

You collected 230 gold pieces.
You spent 56 gold pieces at shops.


   Skills:
 - Level 5.1(10.1) Fighting
 - Level 14.9(19.9) Ranged Weapons
 - Level 2.0(7.0) Armour
 + Level 6.3(11.3) Dodging
 - Level 1.2(6.2) Stealth
 - Level 4.0 Invocations


You had 8 spell levels left.
You didn't know any spells.
Your spell library was empty.

Inventory:

Hand Weapons
 Y - a +2 shortbow (weapon)
Armour
 d - a +0 ring mail (worn)
 i - a +0 cloak (worn)
Jewellery
 e - an amulet of faith (around neck)
 k - a +4 ring of protection (left hand)
Scrolls
 a - a scroll of identify
 h - 3 scrolls of teleportation
Potions
 b - a potion of might
 c - 4 potions of heal wounds
 g - a potion of attraction {unknown}
 j - a potion of magic
 m - a potion of enlightenment {unknown}
 n - a potion of ambrosia {unknown}
 o - a potion of haste {unknown}
 p - a potion of cancellation {unknown}

Dungeon Overview and Level Annotations

Branches:
Dungeon (7/15)             Temple (1/1) D:4         Ossuary (visited)

Altars:
Ashenzari
Cheibriados
Elyvilon
Hepliaklqana
Makhleb
Okawaru
Ru
Sif Muna
Trog
Vehumet
Yredelemnul
Zin
The Shining One

Shops:
D:2 ?[

Annotations:
D:4 1 runed translucent door, Crazy Yiuf
D:6 1 runed translucent door, qw's ghost, weakling DEHu


Message History

The orc misses you. The orc hits you but does no damage.
Space warps horribly around you! The orc warrior misses you.
You shoot an arrow. The arrow hits the orc warrior.
The orc warrior is almost dead.
The orc misses you. The orc barely misses you.
The orc warrior hits you with a +0 battleaxe.
6527 ||| READING 5 scrolls of teleportation.
As you read the scroll of teleportation, it crumbles to dust.
You feel strangely unstable. The orc misses you.
The orc hits you but does no damage.
You are cast into the Abyss!
This branch contains the abyssal rune of Zot.
Waypoint 9 assigned to Abyss:1.
You start resting.
Magic restored.
You start resting.
You are suddenly pulled into a different region of the Abyss!
Waypoint 9 assigned to Abyss:1.
You start resting.
You feel like a meek peon again.
A small abomination comes into view.
The small abomination moves out of view.
You start resting.
A small abomination is nearby!
6571 ||| INVOKING Heroism.
You gain the combat prowess of a mighty hero.
You shoot an arrow. The arrow hits the small abomination!
The small abomination is heavily damaged.
You shoot an arrow. The arrow hits the small abomination!
The small abomination is severely damaged.
You shoot an arrow.
The arrow hits the small abomination but does no damage.
The small abomination is severely damaged.
The small abomination hits you!
6575 ||| READING 4 scrolls of teleportation.
As you read the scroll of teleportation, it crumbles to dust.
You feel strangely unstable.
You feel the power of the Abyss delaying your translocation!
The small abomination hits you!
You die...

# .## .#.
.. ## #.
## #.#..
#.##. ...
##...#.#
#...x@.#
...#.....#
##.....#
##.##..#
.. ....
### #.#..
..### ...


You could see a small abomination.

Vanquished Creatures
  Menkaure (D:5)
  3 ice beasts
  3 black bears
  A centaur (D:7)
  A kobold brigand (D:4)
  3 elf zombies (Ossuary)
  3 scorpions
  A howler monkey (D:6)
  5 centaur zombies (Ossuary)
  4 human zombies (Ossuary)
  2 orc priests
  A jelly (D:5)
  3 hounds (D:5)
  3 iguanas
  A sleepcap (D:6)
  5 orc wizards
  3 mummies (Ossuary)
  3 gnolls (D:6)
  2 adders
  An ufetubus (D:4)
  2 worms
  2 dart slugs (D:4)
  20 orcs
  6 ball pythons
  7 bats
  4 endoplasms
  A giant cockroach (D:2)
  4 goblins
  8 hobgoblins
  4 jackals (D:4)
  5 quokkas
  5 frilled lizards
  5 kobolds
  5 rats
127 creatures vanquished.

Notes
Turn   | Place    | Note
-------+----------+-------------------------------------------
     0 | D:1      | qw the Deep Elf Hunter began the quest for the Orb.
     0 | D:1      | Reached XP level 1. HP: 12/12 MP: 3/3
     0 | D:1      | 0 ||| qw: Version: 0.3-a-22-g0ed2b0b
     0 | D:1      | 0 ||| qw: Game counter: 6516
     0 | D:1      | 0 ||| qw: Melee chars always use a shield: true
     0 | D:1      | 0 ||| qw: God list: Okawaru
     0 | D:1      | 0 ||| qw: Allow faded altars: false
     0 | D:1      | 0 ||| qw: Do Orc after clearing Dungeon:15 true
     0 | D:1      | 0 ||| qw: Do second Lair branch before Depths: true
     0 | D:1      | 0 ||| qw: Lair rune preference: random
     0 | D:1      | 0 ||| qw: Goals: Normal
     0 | D:1      | 0 ||| PLANNING D:1-11
   126 | D:1      | Reached XP level 2. HP: 16/16 MP: 4/4
   136 | D:1      | Reached skill level 6 in Ranged Weapons
   438 | D:1      | 438 ||| UPGRADING to +0 scale mail.
   448 | D:1      | 448 ||| DROPPING +0 leather armour.
   449 | D:1      | 449 ||| DROPPING +6 ring of intelligence.
   450 | D:1      | 450 ||| READING scroll labelled SOOLEMU RECWA.
   451 | D:1      | 451 ||| READING scroll labelled XIASCH PIAVVUA.
   452 | D:1      | 452 ||| DROPPING scroll of butterflies.
   491 | D:2      | 491 ||| STAIRDANCE
   514 | D:2      | 514 ||| STAIRDANCE
   522 | D:1      | HP: 2/16 [worm (4)]
   615 | D:2      | Found Ydeij's Armour Shop.
   649 | D:2      | 649 ||| SHOPLISTING +0 ring mail (44 gold, have 41).
   649 | D:2      | 649 ||| SHOPLISTING +0 ring mail of poison resistance (88
                  | gold, have 41).
   692 | D:2      | Reached XP level 3. HP: 20/20 MP: 5/5
   867 | D:2      | Reached skill level 7 in Ranged Weapons
   918 | D:2      | Found Xyheibbi's Magic Scroll Emporium.
   923 | D:2      | 923 ||| SHOPLISTING 2 scrolls of teleportation (84 gold,
                  | have 80).
   923 | D:2      | 923 ||| BUYING scroll of identify (28 gold).
   923 | D:2      | Bought a scroll of identify for 28 gold pieces
   923 | D:2      | 923 ||| BUYING scroll of identify (28 gold).
   923 | D:2      | Bought a scroll of identify for 28 gold pieces
   923 | D:2      | 923 ||| SHOPLISTING scroll of identify (28 gold, have 24).
   923 | D:2      | 923 ||| SHOPLISTING scroll of teleportation (42 gold, have
                  | 24).
  1050 | D:2      | 1050 ||| READING scroll labelled CUTRITR KANILA.
  1051 | D:2      | 1051 ||| READING scroll labelled NOCRAA KAIPS.
  1052 | D:2      | 1052 ||| READING scroll labelled PERCHI JAGG.
  1057 | D:2      | 1057 ||| READING 3 scrolls of identify.
  1057 | D:2      | 1057 ||| IDENTIFYING fizzy silvery potion
  1058 | D:2      | 1058 ||| READING 2 scrolls of identify.
  1058 | D:2      | 1058 ||| IDENTIFYING fizzy pink potion
  1059 | D:2      | 1059 ||| DRINKING potion of experience.
  1059 | D:2      | Reached skill level 14 in Ranged Weapons
  1059 | D:2      | Reached XP level 4. HP: 25/25 MP: 6/6
  1855 | D:3      | 1855 ||| READING scroll labelled NIAFAES OCLAEF.
  1856 | D:3      | 1856 ||| READING scroll labelled ACVIEM NUMIHUCS.
  1957 | D:3      | 1957 ||| READING scroll labelled XUTRYJ FIBE.
  2017 | D:4      | Found a staircase to the Ecumenical Temple.
  2018 | D:4      | 2018 ||| PLANNING TEMPLE
  2045 | Temple   | Entered the Ecumenical Temple
  2232 | Temple   | 2232 ||| PLANNING D:1-11
  2298 | D:4      | Found an iron altar of Okawaru.
  2299 | D:4      | 2299 ||| PLANNING OKAWARU WORSHIP
  2299 | D:4      | 2299 ||| UPGRADING to amulet of faith.
  2304 | D:4      | 2304 ||| READING scroll labelled NELAIFECOZU.
  2312 | D:4      | Became a worshipper of Warmaster Okawaru
  2313 | D:4      | 2313 ||| PLANNING D:1-11
  2377 | D:4      | Reached XP level 5. HP: 30/30 MP: 7/7
  2419 | D:4      | Found a runed translucent door.
  2420 | D:4      | Noticed Crazy Yiuf
  2492 | D:4      | 2492 ||| FLEEEEING.
  2493 | D:4      | 2493 ||| FLEEEEING.
  2497 | D:4      | 2497 ||| FLEEEEING.
  2498 | D:4      | 2498 ||| FLEEEEING.
  2499 | D:4      | 2499 ||| FLEEEEING.
  2500 | D:4      | 2500 ||| FLEEEEING.
  2501 | D:4      | 2501 ||| FLEEEEING.
  2502 | D:4      | 2502 ||| FLEEEEING.
  2503 | D:4      | 2503 ||| FLEEEEING.
  2509 | D:4      | 2509 ||| FLEEEEING.
  2510 | D:4      | 2510 ||| FLEEEEING.
  2511 | D:4      | 2511 ||| FLEEEEING.
  2512 | D:4      | 2512 ||| FLEEEEING.
  2513 | D:4      | 2513 ||| FLEEEEING.
  2514 | D:4      | 2514 ||| FLEEEEING.
  2515 | D:4      | 2515 ||| FLEEEEING.
  2516 | D:4      | 2516 ||| FLEEEEING.
  2527 | D:4      | 2527 ||| FLEEEEING.
  2528 | D:4      | 2528 ||| FLEEEEING.
  2539 | D:4      | Reached skill level 1 in Armour
  2846 | D:4      | Reached skill level 3 in Dodging
  3132 | D:4      | HP: 7/30 [poisoned by a kobold brigand (curare-tipped
                  | dart)]
  3133 | D:4      | Reached XP level 6. HP: 8/36 MP: 8/8
  3487 | D:4      | 3487 ||| UPGRADING to +0 ring mail.
  3497 | D:4      | 3497 ||| DROPPING +0 scale mail.
  3498 | D:4      | 3498 ||| UPGRADING to +0 cloak.
  3503 | D:4      | 3503 ||| READING scroll labelled URUDEE KUIKHO.
  3526 | D:5      | Entered Level 5 of the Dungeon
  3527 | D:5      | 3527 ||| PLANNING OSSUARY
  3561 | D:5      | Noticed an ice beast
  3575 | D:5      | Killed an ice beast
  3575 | D:5      | Reached * piety under Okawaru
  3666 | D:5      | 3666 ||| INVOKING Heroism.
  3676 | D:5      | HP: 9/36 [poisoned by a scorpion]
  3677 | D:5      | 3677 ||| DRINKING 2 potions of heal wounds.
  3680 | D:5      | Reached skill level 3 in Fighting
  3681 | D:5      | HP: 8/37 [black bear (3)]
  3682 | D:5      | 3682 ||| DRINKING potion of heal wounds.
  3687 | D:5      | Reached XP level 7. HP: 12/41 MP: 7/9
  3688 | D:5      | HP: 10/41 [poisoned by a scorpion]
  3885 | D:5      | 3885 ||| INVOKING Heroism.
  3890 | D:5      | Reached skill level 1 in Invocations
  3990 | D:5      | Found a sand-covered staircase.
  4026 | D:5      | 4026 ||| READING scroll labelled EDAULLUATO.
  4027 | D:5      | 4027 ||| DRINKING 2 fuming amethyst potions.
  4028 | D:5      | 4028 ||| DRINKING 2 emerald potions.
  4029 | D:5      | 4029 ||| READING 2 scrolls of identify.
  4029 | D:5      | 4029 ||| IDENTIFYING fuming dark potion
  4030 | D:5      | 4030 ||| DROPPING potion of invisibility.
  4032 | D:5      | 4032 ||| Stepping ~*~*~tactically~*~*~ (cloud).
  4147 | Ossuary  | Entered an ossuary
  4182 | Ossuary  | 4182 ||| FLEEEEING.
  4183 | Ossuary  | 4183 ||| FLEEEEING.
  4184 | Ossuary  | 4184 ||| FLEEEEING.
  4185 | Ossuary  | 4185 ||| FLEEEEING.
  4197 | Ossuary  | 4197 ||| INVOKING Heroism.
  4212 | Ossuary  | 4212 ||| INVOKING Heroism.
  4369 | Ossuary  | 4369 ||| INVOKING Heroism.
  4374 | Ossuary  | 4374 ||| FLEEEEING.
  4375 | Ossuary  | 4375 ||| FLEEEEING.
  4376 | Ossuary  | 4376 ||| FLEEEEING.
  4377 | Ossuary  | 4377 ||| FLEEEEING.
  4392 | Ossuary  | Reached XP level 8. HP: 25/48 MP: 11/11
  4513 | Ossuary  | 4513 ||| INVOKING Heroism.
  4530 | Ossuary  | 4530 ||| INVOKING Heroism.
  4533 | Ossuary  | 4533 ||| FLEEEEING.
  4534 | Ossuary  | 4534 ||| FLEEEEING.
  4535 | Ossuary  | 4535 ||| FLEEEEING.
  4536 | Ossuary  | 4536 ||| FLEEEEING.
  4665 | Ossuary  | 4665 ||| READING 2 scrolls labelled ILESUE ETAXZO.
  4666 | Ossuary  | 4666 ||| READING scroll labelled VEKU IWETWY.
  4667 | Ossuary  | 4667 ||| DRINKING 2 amethyst potions.
  4668 | Ossuary  | 4668 ||| READING 3 scrolls of identify.
  4668 | Ossuary  | 4668 ||| IDENTIFYING grey potion
  4669 | Ossuary  | 4669 ||| READING 2 scrolls of identify.
  4669 | Ossuary  | 4669 ||| IDENTIFYING fuming sapphire potion
  4670 | Ossuary  | 4670 ||| DROPPING potion of lignification.
  4671 | Ossuary  | 4671 ||| DROPPING potion of berserk rage.
  4672 | Ossuary  | 4672 ||| DROPPING scroll of fear.
  4682 | D:5      | 4682 ||| PLANNING D:1-11
  4706 | D:5      | Noticed Menkaure
  4707 | D:5      | 4707 ||| FLEEEEING.
  4749 | D:5      | 4749 ||| INVOKING Heroism.
  4760 | D:5      | Killed Menkaure
  4761 | D:5      | Reached skill level 3 in Invocations
  4869 | D:6      | 4869 ||| INVOKING Heroism.
  4876 | D:6      | Reached skill level 6 in Dodging
  5115 | D:6      | 5115 ||| INVOKING Heroism.
  5166 | D:6      | Found a runed translucent door.
  5208 | D:6      | 5208 ||| DRINKING potion of curing.
  5208 | D:6      | 5208 ||| (to cure confusion)
  5213 | D:6      | 5213 ||| FLEEEEING.
  5214 | D:6      | 5214 ||| FLEEEEING.
  5215 | D:6      | 5215 ||| FLEEEEING.
  5216 | D:6      | 5216 ||| FLEEEEING.
  5217 | D:6      | 5217 ||| FLEEEEING.
  5218 | D:6      | 5218 ||| FLEEEEING.
  5272 | D:6      | Noticed qw's ghost (weakling DEHu)
  5368 | D:6      | 5368 ||| INVOKING Heroism.
  5671 | D:6      | Found a glowing silver altar of Zin.
  5709 | D:6      | 5709 ||| READING scroll of enchant weapon.
  5709 | D:6      | 5709 ||| ENCHANTING +1 shortbow.
  6258 | D:6      | 6258 ||| UPGRADING to +4 ring of protection.
  6259 | D:6      | 6259 ||| READING scroll labelled LANNIBB ITWA.
  6428 | D:7      | Reached XP level 9. HP: 54/54 MP: 14/14
  6435 | D:7      | Reached ** piety under Okawaru
  6459 | D:7      | 6459 ||| INVOKING Heroism.
  6513 | D:7      | Found a snail-covered altar of Cheibriados.
  6513 | D:7      | Noticed a torpor snail
  6513 | D:7      | Noticed a torpor snail
  6514 | D:7      | Noticed a torpor snail
  6515 | D:7      | 6515 ||| INVOKING Heroism.
  6526 | D:7      | HP: 11/54 [orc warrior/+0 battleaxe (5)]
  6527 | D:7      | 6527 ||| READING 5 scrolls of teleportation.
  6527 | Abyss:1  | Cast into level 1 of the Abyss (orc)
  6571 | Abyss:1  | 6571 ||| INVOKING Heroism.
  6574 | Abyss:1  | HP: 7/54 [small abomination (17)]
  6575 | Abyss:1  | 6575 ||| READING 4 scrolls of teleportation.
  6575 | Abyss:1  | Mangled by a small abomination

Levels and vault maps discovered:
D:1:      saegor_arrival_simple_d, layout_rooms
D:2:      layout_rooms, serial_shops, shop, nicolae_shop_rolling_square,
          chequers_serial_rivers_marsh
D:3:      layout_basic
D:4:      layout_basic, nicolae_overflow_crystal_walls,
          minmay_temple_entry_trees, serial_forest,
          infiniplex_forest_straight_2, infiniplex_forest_fountain,
          infiniplex_forest_clump_small, infiniplex_forest_clump_medium,
          infiniplex_forest_clump_C, infiniplex_forest_lined_room_2,
          infiniplex_forest_clump_C, infiniplex_forest_end_double,
          uniq_crazy_yiuf_cottage
D:5:      layout_rooms, nicolae_ossuary_entry_false_entrances, uniq_menkaure
D:6:      layout_layer_cave, zin_academy, ebering_ghost_sewer_d,
          hangedman_abyss_or_decor_lesser_grid
D:7:      layout_basic, nemelex_xobeh_ov_fountains_minmay, cheibriados_altar_2,
          pdpol_wu_jian_five_deadly_venoms, minitemple, due_unseen_surprise
Temple:   nicolae_temple_bog_church
Abyss:1:  base:
D:1

Skill      XL: |  1  2  3  4  5  6  7  8 |
---------------+-------------------------+-----
Ranged Weapons | 6 14 | 14.9
Fighting       | 2 3 5 |  5.1
Armour         | 1 2 |  2.0
Dodging        | 3 5 6 |  6.3
Invocations    | 1 4 |  4.0
Stealth        | |  1.2

Action                     |  1- 3 |  4- 6 |  7- 9 || total
---------------------------+-------+-------+-------++-------
   Fire: Shortbow          |   108 |   177 |   314 ||   599
 Invoke: Heroism           |       |     1 |    13 ||    14
    Use: Scroll            |     7 |     5 |    10 ||    22
         Potion            |     1 |     2 |     4 ||     7
 Armour: Leather armour    |     2 |       |       ||     2
         Scale mail        |    36 |    21 |       ||    57
         Ring mail         |       |    10 |    44 ||    54
  Dodge: Dodged            |    37 |    21 |    90 ||   148

Table legend:
 A = Non-vault XP
 B = Vault XP
 C = Vault XP percentage of total XP
 D = Non-vault monster count
 E = Vault monster count
 F = Vault count percentage of total count
                 A         B        C        D         E       F
            +---------+---------+-------+---------+---------+-------
      Total |    2101 |     902 |  30.0 |     111 |      16 |  12.6
            +---------+---------+-------+---------+---------+-------
        D:1 |      27 |       0 |   0.0 |      13 |       0 |   0.0
        D:2 |      37 |       0 |   0.0 |      18 |       0 |   0.0
        D:3 |      38 |       0 |   0.0 |      18 |       0 |   0.0
        D:4 |     290 |       0 |   0.0 |      23 |       0 |   0.0
        D:5 |     590 |     157 |  21.0 |       9 |       1 |  10.0
        D:6 |     704 |       0 |   0.0 |      19 |       0 |   0.0
        D:7 |     415 |       0 |   0.0 |      11 |       0 |   0.0
    Ossuary |       0 |     745 | 100.0 |       0 |      15 | 100.0
            +---------+---------+-------+---------+---------+-------
